 Dungeon Crawl Stone Soup version 0.14-a0-1076-gee4852e (webtiles) character file.

147 PolkaDot the Ruinous (level 4, -3/30 HPs)
             Began as a Vampire Conjurer on Nov 25, 2013.
             Killed from afar by Sigmund (8 damage)
             ... with a wand of flame
             ... on Level 2 of the Dungeon.
             The game lasted 00:06:29 (1512 turns).

PolkaDot the Ruinous (Vampire Conjurer)             Turns: 1512, Time: 00:06:30

HP  -3/30        AC  2     Str  7      XL: 4   Next: 20%
MP   0/8         EV 18     Int 23      God:
Gold 66          SH  0     Dex 19      Spells:  2 memorised,  2 levels left

rFire  . . .     SeeInvis +     f - +2,+3 orc dagger
rCold  + . .     Clarity  .     a - +0 robe
rNeg   . . .     Conserve .     (no shield)
rPois  .         rCorr    .     (no helmet)
rElec  .         rRot     .     (no cloak)
SustAb . .       Spirit   .     (no gloves)
rMut   .         Warding  .     (no boots)
Saprov . . .     RndTele  +     (no amulet)
                                h - ring of protection from cold {unknown}
                                l - cursed ring of teleportation

@: regenerating quickly, confused, brilliant, agile, very slightly contaminated,
hasted, very quick, slightly resistant to hostile enchantments, fairly stealthy
A: fangs 3, see invisible, unbreathing
a: Evoke Teleportation


You were on level 2 of the Dungeon.
You were very full.

You visited 1 branch of the dungeon, and saw 2 of its levels.

You collected 66 gold pieces.

Inventory:

Hand weapons
 f - a +2,+3 orcish dagger (weapon)
Armour
 a - a +0 robe (worn)
Scrolls
 d - a scroll of teleportation {unknown}
 i - a scroll of curse armour {unknown}
Jewellery
 h - a ring of protection from cold (right hand) {unknown}
 l - a cursed ring of teleportation (left hand)
Books
 c - a book of Conjurations

   Spells                             Type                      Level
   *Magic Dart                        Conjuration                  1
   *Searing Ray                       Conjuration                  2
   Dazzling Spray                     Conjuration/Hexes            3
   Iskenderun's Mystic Blast          Conjuration                  4
   Iskenderun's Battlesphere          Conjuration/Charms           4
   Fulminant Prism                    Conjuration/Hexes            5


   Skills:
 - Level 2.1 Dodging
 - Level 3.0 Stealth
 - Level 1.0 Spellcasting
 * Level 4.3 Conjurations


You had 2 spell levels left.
You knew the following spells:

 Your Spells              Type           Power        Failure   Level  Hunger
a - Magic Dart            Conj           ####         1%          1    ##.....
s - Searing Ray           Conj           ####..       1%          2    ###....


Dungeon Overview and Level Annotations

Branches:
Dungeon (2/16)

Altars:

Annotations:
D:2 Sigmund


Innate Abilities, Weirdness & Mutations

Your natural rate of healing is unusually fast.
You have razor-sharp teeth.*
You have supernaturally acute eyesight.
You can survive without breathing.*


Message History

Drink which item? (? for menu, Esc to quit)
You feel more agile all of a sudden.
It was a potion of agility.
Casting: Searing Ray
Confirm with . or Enter, or press ? or * to list all spells.
Aiming: Searing Ray
Press: ? - help, Shift-Dir - straight line, f/p - Sigmund
Aim: Sigmund, wielding a runed scythe and wearing a robe (heavily wounded, slightly transparent)
The searing ray hits Sigmund.
Sigmund is severely wounded.
The searing ray hits Sigmund.
Sigmund is almost dead.
* * * LOW MAGIC WARNING * * *
Sigmund gestures at you while chanting.
You are confused.
Sigmund barely misses you.
You see here an orcish club.
You swing at nothing.
You swing at nothing.
Sigmund zaps a wand.
The puff of flame hits you!
You die...

#.###.#....##.##.##...# #......#
#. #.#.......##.##...# #......# #
###.#..##... #.###### ##..##.#
#...#..# ...##.## #..##.#
#...#..####.#...#########..##.#
#.).%(........................#
#.........###.#...#########..####
#.........# ##.## #..####
#.....#..## #@# ###..##..
#.###.#..........@...............
.. #.#.#####.##.########....##..
. ..... .. ... ....#### #...# ##
#.. ...# .... ...# # ...# ...#
###


You could see Sigmund (invisible).

Vanquished Creatures
  2 adders (D:2)
  A worm (D:2)
  A giant gecko (D:1)
  2 oozes (D:1)
  A giant cockroach (D:2)
  6 goblins
  6 hobgoblins
  4 jackals
  A quokka (D:2)
  8 bats
  3 giant newts
  8 kobolds
  7 rats
50 creatures vanquished.

Notes
Turn   | Place    | Note
--------------------------------------------------------------
     0 | D:1      | PolkaDot, the Vampire Conjurer, began the quest for the Orb.
     0 | D:1      | Reached XP level 1. HP: 13/13 MP: 4/4
    21 | D:1      | Noticed a giant goldfish
   165 | D:1      | Reached XP level 2. HP: 19/19 MP: 2/5
   201 | D:1      | Learned a level 2 spell: Searing Ray
   687 | D:1      | Reached XP level 3. HP: 18/24 MP: 6/6
  1046 | D:2      | Reached skill level 4 in Conjurations
  1137 | D:2      | Reached XP level 4. HP: 27/30 MP: 4/8
  1447 | D:2      | Noticed Sigmund
  1512 | D:2      | Killed from afar by Sigmund

Action                   |  1- 3 |  4- 6 || total
-------------------------+-------+-------++-------
Melee: Dagger            |    58 |    15 ||    73
 Cast: Magic Dart        |    30 |     1 ||    31
       Searing Ray       |     5 |     3 ||     8
  Use: Potion            |     2 |     3 ||     5
 Stab: Sleeping          |     4 |     1 ||     5
